 Dungeon Crawl Stone Soup version 0.22-a0-305-gd21a89c (webtiles) character file.

93 Auros the Ruffian (level 4, 0/38 HPs)
             Began as a Ghoul Monk on Mar 30, 2018.
             Slain by a goblin (2 damage)
             ... on level 2 of the Dungeon.
             The game lasted 00:11:58 (1443 turns).

Auros the Ruffian (Ghoul Monk)                      Turns: 1443, Time: 00:11:59

Health: 0/38       AC:  2    Str: 15    XL:     4   Next: 62%
Magic:  3/3        EV: 13    Int: 10    God:
Gold:   57         SH:  0    Dex: 11    Spells: 3/3 levels left

rFire    . . .     SeeInvis .   h - +1 dagger (elec)
rCold    + . .     Gourm    .   (no shield)
rNeg     + + +     Faith    .   a - +0 robe
rPois    ∞         Spirit   .   (no helmet)
rElec    .         Reflect  .   (no cloak)
rCorr    .         Harm     .   (no gloves)
MR       .....                  (no boots)
Stlth    ++........             (no amulet)
HPRegen  0.00/turn              (no ring)
MPRegen  0.08/turn              (no ring)

@: brilliant, rotting
A: rotting body, claws 1, carnivore, cold resistance 1, negative energy
resistance 3, inhibited regeneration, torment resistance, unbreathing
a: no special abilities


You were on level 2 of the Dungeon.
You were not hungry.

You visited 1 branch of the dungeon, and saw 2 of its levels.

You collected 57 gold pieces.

Inventory:

Hand Weapons
 g - a +0 hunting sling
 h - a +1 dagger of electrocution (weapon)
Missiles
 c - 21 bolts
 d - 22 arrows
 l - 2 stones (quivered)
Armour
 a - a +0 robe (worn)
Scrolls
 e - 3 scrolls of identify {unknown}
 k - a scroll of fog {unknown}
Comestibles
 b - 3 rations


   Skills:
 - Level 3.5 Fighting
 + Level 1.6 Short Blades
 - Level 2.9 Dodging
 - Level 2.4 Stealth
 + Level 4.7 Unarmed Combat


You had 3 spell levels left.
You didn't know any spells.

Dungeon Overview and Level Annotations

Branches:
Dungeon (2/15)

Altars:
Cheibriados


Innate Abilities, Weirdness & Mutations

Your body is rotting away.
You thrive on raw meat.
You are immune to poison.
You have sharp fingernails.
You are carnivorous and can eat meat at any time.
Your flesh is cold resistant. (rC+)
You are immune to negative energy. (rN+++)
You do not regenerate when monsters are visible.
You are immune to unholy pain and torment.
You can survive without breathing.


Message History

Lightning courses through the giant cockroach!
You kill the giant cockroach!
You barely miss the leopard gecko. The leopard gecko misses you.
The gnoll closely misses you. The leopard gecko bites you.
* * * LOW HITPOINT WARNING * * *
The goblin hits you.
* * * LOW HITPOINT WARNING * * *
The goblin barely misses you. The goblin barely misses you.
You hit the gnoll but do no damage.
The gnoll is lightly wounded.
The leopard gecko bites you.
* * * LOW HITPOINT WARNING * * *
The gnoll closely misses you.
As you read the scroll labeled JEGYSISKOSH, it crumbles to dust.
It is a scroll of enchant weapon.
Your +0 dagger of electrocution glows red for a moment.
The leopard gecko closely misses you. The goblin hits you.
You die...

### ################ #..
#..?............ +..
#######......)÷#### #..
.....#....###)##.#######..
#...#....# #.##.##....... #
#......l.###....#####.##.
##.#......#@.............##.
#........ggg................
...#....##†#......######.###
........##.#...(..# #.#..
..###......#......# .....
.........##......# .....
##...[.####......# ....#
....#..# #......# ...#
.....'..# #...#### .


You could see 2 gnolls, a leopard gecko and a goblin.

Vanquished Creatures
  2 gnolls (D:2)
  An adder (D:2)
  A worm (D:2)
  2 leopard geckos (D:1)
  3 giant cockroaches (D:2)
  4 goblins
  7 hobgoblins
  12 jackals
  7 kobolds
  8 bats
  2 frilled lizards
  3 rats (D:2)
52 creatures vanquished.

Notes
Turn   | Place    | Note
-------+----------+-------------------------------------------
     0 | D:1      | Auros the Ghoul Monk began the quest for the Orb.
     0 | D:1      | Reached XP level 1. HP: 19/19 MP: 0/0
   147 | D:1      | Reached XP level 2. HP: 11/26 MP: 1/1
   442 | D:1      | Reached XP level 3. HP: 17/31 MP: 2/2
   477 | D:1      | Reached skill level 4 in Unarmed Combat
   940 | D:2      | Found a snail-covered altar of Cheibriados.
  1130 | D:2      | Reached skill level 1 in Short Blades
  1186 | D:2      | Reached XP level 4. HP: 37/38 MP: 3/3
  1406 | D:2      | HP: 1/38 [gnoll/halberd (11)]
  1443 | D:2      | Slain by a goblin

Vault maps used:
D:1:      eino_arrival_water_cross
D:2:      marbit_many_paths

Skill      XL: |  1  2  3 |
---------------+----------+-----
Unarmed Combat | 4 |  4.7
Short Blades   | 1 |  1.6
Fighting       | |  3.5
Dodging        | |  2.9
Stealth        | |  2.4

Action                   |  1- 3 |  4- 6 || total
-------------------------+-------+-------++-------
Melee: Unarmed           |    74 |       ||    74
       Dagger            |    66 |    53 ||   119
       Punch             |     1 |       ||     1
  Use: Scroll            |       |     1 ||     1
       Potion            |       |     1 ||     1
 Stab: Sleeping          |     1 |       ||     1
  Eat: Chunk             |    16 |    15 ||    31
Armor: Robe              |    27 |    15 ||    42
Dodge: Dodged            |    88 |    66 ||   154

Table legend:
 A = Spawn XP
 B = Non-spawn XP
 C = Spawn XP percentage of total XP
 D = Spawn monster count
 E = Non-spawn monster count
 F = Spawn count percentage of total count
 G = Total turns spent on level
                    A         B        C        D         E        F      G
               +---------+---------+-------+---------+---------+-------+---------
         Total |       0 |     134 |   0.0 |       0 |      52 |   0.0 |  1443
               +---------+---------+-------+---------+---------+-------+---------
           D:1 |       0 |      50 |   0.0 |       0 |      27 |   0.0 |   880
           D:2 |       0 |      84 |   0.0 |       0 |      25 |   0.0 |   563
               +---------+---------+-------+---------+---------+-------+---------
